 Dungeon Crawl Stone Soup version 0.26.1-11-gd32895ea62 (webtiles) character file.

Game seed: 12586218327646792678

631 Almogavar the Grave Robber (level 7, -7/51 HPs)
             Began as a Hill Orc Necromancer on May 25, 2021.
             Was an Initiate of Okawaru.
             Mangled by a phantom (8 damage)
             ... on level 4 of the Dungeon.
             The game lasted 00:21:04 (6557 turns).

Almogavar the Grave Robber (Hill Orc Necromancer)   Turns: 6557, Time: 00:21:05

Health: -7/51      AC:  5    Str: 11      XL:     7   Next: 48%
Magic:  8/13       EV: 12    Int: 17      God:    Okawaru [......]
Gold:   216        SH:  0    Dex:  9 (11) Spells: 9/14 levels left

rFire    + . .     SeeInvis .   o - +1 whip (venom)
rCold    . . .     Faith    .   (no shield)
rNeg     . . .     Spirit   .   a - +0 robe
rPois    .         Reflect  .   (no helmet)
rElec    .         Harm     .   f - +0 cloak
rCorr    .         Rampage  .   A - +0 pair of gloves
Will     .....                  t - +0 pair of boots
Stlth    ++........             (no amulet)
HPRegen  0.17/turn              b - ring of protection from fire
MPRegen  0.13/turn              (no ring)

@: no status effects
A: no striking features
a: Renounce Religion


You were on level 4 of the Dungeon.
You worshipped Okawaru.
Okawaru was noncommittal.
You visited 1 branch of the dungeon, and saw 4 of its levels.

You collected 216 gold pieces.

Inventory:

Hand Weapons
 o - a +1 whip of venom (weapon)
 u - a +2 dagger of speed
Armour
 a - a +0 robe (worn)
 e - a +0 ring mail
 f - a +0 cloak (worn)
 i - a +2 buckler
 q - a +0 leather armour
 t - a +0 pair of boots (worn)
 A - a +0 pair of gloves (worn)
Jewellery
 b - a ring of protection from fire (left hand)
 p - an uncursed amulet of the acrobat {unknown}
Wands
 x - a wand of paralysis (9)
 z - a wand of polymorph (7)
Scrolls
 c - 3 scrolls of teleportation
 h - a scroll of remove curse
 j - a scroll of amnesia {unknown}
 m - a scroll of fear {unknown}
 v - a scroll of identify
 y - 2 scrolls of immolation {unknown}
Potions
 d - a potion of haste
 g - a potion of brilliance {unknown}
 k - 2 potions of degeneration
 l - a potion of flight {unknown}
 n - a potion of lignification {unknown}
 r - a potion of attraction {unknown}
 s - a potion of curing
 w - a potion of ambrosia {unknown}


   Skills:
 + Level 0.8 Fighting
 + Level 2.4 Dodging
 - Level 1.6 Stealth
 + Level 4.3 Spellcasting
 + Level 6.5 Necromancy


You had 9 spell levels left.
You knew the following spells:

 Your Spells              Type           Power        Failure   Level
a - Pain                  Necr           100%         1%          1
b - Animate Skeleton      Necr           50%          1%          1
c - Vampiric Draining     Necr           12%          3%          3

Your spell library contained the following spells:

 Spells                   Type           Power        Failure   Level
 Animate Dead             Necr           12%          11%         4
 Corona                   Hex            3%           16%         1
 Magic Dart               Conj           12%          16%         1
 Ensorcelled Hibernation  Hex/Ice        6%           22%         2
 Searing Ray              Conj           6%           22%         2
 Agony                    Necr           25%          28%         5
 Confusing Touch          Hex            3%           41%         3
 Dazzling Flash           Conj/Hex       6%           41%         3
 Tukima's Dance           Hex            3%           41%         3
 Fulminant Prism          Conj/Hex       1%           83%         4
 Iskenderun's Mystic Bla  Conj/Tloc      3%           83%         4


Dungeon Overview and Level Annotations

Branches:
Dungeon (4/15)
 Temple: D:4-7

Altars:
Fedhas
Gozag
Makhleb
Nemelex Xobeh
Okawaru
Ru
Sif Muna
Uskayaw
Vehumet
Xom
The Shining One

Annotations:
D:3 2 transporters, smzp's ghost, amateur MiFi


Message History

The phantom hits you!
* * * LOW HITPOINT WARNING * * *
You barely miss the phantom.
The phantom is moderately damaged.
Your ogre skeleton completely misses the phantom.
The phantom closely misses you.
You hit the phantom.
The phantom is moderately damaged.
The phantom misses you.
Your ogre skeleton hits the phantom with a cursed -1 giant club!
You barely miss the phantom.
The phantom is heavily damaged.
Your ogre skeleton crumbles into dust!
The phantom hits you!
* * * LOW HITPOINT WARNING * * *
Unknown command.
You barely miss the phantom.
The phantom is heavily damaged.
The phantom hits you!
You die...

#.....#####.....#...
##...## ##...##...
##.##.....##.##....
#.#.....!.#.#.....
#.#...=...#.#.....
#.#.......#.#.(#..
##.##.....##.##.#..
##...##...##...##...
###.)@..##'##.....#..#
##.#.W#)........#..#.##
#..#.....#####.....#..#
#..##...##...##...##...
#...#####.....#####(...
##.##...<..........##.#
#.................##.#
#...............)....#
###.............##.....


You could see a phantom.

Vanquished Creatures
  2 ogres (D:4)
  A centaur skeleton (D:4)
  6 orc wizards
  Jessica (D:3)
  2 worker ants (D:4)
  A howler monkey skeleton (D:4)
  10 adders
  3 worms
  3 leopard geckos
  2 orcs
  13 bats
  4 giant cockroaches
  11 goblins
  6 hobgoblins
  4 jackals (D:3)
  A quokka (D:3)
  3 ball pythons
  5 frilled lizards
  6 kobolds
  A leopard gecko skeleton (D:3)
  5 rats
90 creatures vanquished.

Vanquished Creatures (collateral kills)
  An adder (D:4)
  A quokka (D:4)
  A rat (D:2)
3 creatures vanquished.

Grand Total: 93 creatures vanquished

Notes
Turn   | Place    | Note
-------+----------+-------------------------------------------
     0 | D:1      | Almogavar the Hill Orc Necromancer began the quest for the
                  | Orb.
     0 | D:1      | Reached XP level 1. HP: 14/14 MP: 3/3
   229 | D:1      | Reached XP level 2. HP: 17/20 MP: 1/4
   275 | D:1      | Learned a level 1 spell: Animate Skeleton
   926 | D:1      | Found a sacrificial altar of Ru.
   934 | D:1      | Found a hide-covered altar of Uskayaw.
   934 | D:1      | Found a sacrificial altar of Ru.
   938 | D:1      | Found a radiant altar of Vehumet.
   938 | D:1      | Found a shimmering altar of Xom.
   938 | D:1      | Found a glowing golden altar of the Shining One.
  1350 | D:2      | Reached XP level 3. HP: 15/26 MP: 1/5
  2098 | D:2      | Reached XP level 4. HP: 32/33 MP: 5/7
  2249 | D:2      | Found a blossoming altar of Fedhas.
  2724 | D:2      | Found a sparkling altar of Nemelex Xobeh.
  2727 | D:2      | Found a burning altar of Makhleb.
  2759 | D:2      | Found an opulent altar of Gozag.
  2760 | D:2      | Found a shimmering blue altar of Sif Muna.
  3162 | D:3      | Found a sacrificial altar of Ru.
  3178 | D:3      | Noticed an ogre
  3178 | D:3      | Identified the cursed +0 great mace of the Hero {freeze,
                  | rPois Str+6 Dex+4}
  3178 | D:3      | Noticed an ogre
  3290 | D:3      | Found a transporter.
  3295 | D:3      | Found a transporter.
  3298 | D:3      | Noticed smzp's ghost (amateur MiFi)
  3392 | D:3      | Noticed Jessica
  3405 | D:3      | Killed Jessica
  3406 | D:3      | Reached skill level 5 in Necromancy
  3406 | D:3      | Reached XP level 5. HP: 32/38 MP: 0/9
  4398 | D:3      | Found a glowing golden altar of the Shining One.
  4567 | D:3      | Learned a level 3 spell: Vampiric Draining
  4770 | D:4      | HP: 1/38 [orc wizard/magic dart (5)]
  5080 | D:3      | Reached XP level 6. HP: 36/45 MP: 1/10
  5665 | D:4      | Reached skill level 6 in Necromancy
  5760 | D:4      | Found an iron altar of Okawaru.
  5804 | D:4      | Became a worshipper of Warmaster Okawaru
  6151 | D:4      | Reached XP level 7. HP: 48/51 MP: 7/12
  6556 | D:4      | HP: 1/51 [phantom (7)]
  6557 | D:4      | Mangled by a phantom

Illustrated notes

Levels and vault maps discovered:
D:1:      dpeg_arrival_refuge, layout_rooms, doesnt_xom_only_xom
D:2:      layout_basic, overflow_temple_1_default,
          nicolae_overflow_hidden_temple, minmay_tromino_v4_c
D:3:      layout_basic, nicolae_ru_the_path_less_chosen, gammafunk_ghost_smash,
          serial_curves, eino_curves_04, eino_curves_01, minivault_14,
          nicolae_tso_carved_into_rock, uniq_jessica
D:4:      minmay_octagon_keep, layout_cave_pools, okawaru_metal_pillars_1_2,
          minmay_a_box_with_orc_wizards_in_it

Skill      XL: |  1  2  3  4  5  6  7 |
---------------+----------------------+-----
Spellcasting   | 2 3 4 |  4.3
Dodging        | 2 |  2.4
Necromancy     | 5 6 |  6.5
Fighting       | |  0.8
Stealth        | |  1.6

Action                   |  1- 3 |  4- 6 |  7- 9 || total
-------------------------+-------+-------+-------++-------
Melee: Club              |     3 |       |       ||     3
       Dagger            |    47 |     3 |       ||    50
       Whip              |       |    31 |    38 ||    69
 Cast: Pain              |    45 |   149 |    12 ||   206
       Animate Skeleton  |     3 |    11 |     2 ||    16
       Vampiric Draining |       |     3 |       ||     3
  Use: Scroll            |     3 |     2 |       ||     5
       Potion            |     1 |     3 |       ||     4
Armor: Robe              |    19 |    20 |     6 ||    45
Dodge: Dodged            |    55 |    42 |    22 ||   119
